AoeStats
← mrjcl199

Arabia

507729212Analyzed
1v1 RM · 13d ago on Sep 19, 2026· 45m 45s· 2 players
Game mode
Random Map
Map size
Tiny (2 player)
Population
200
Speed
Normal
Resources
Standard
Victory
Conquest
Starting age
Dark Age
Ending age
Imperial Age
RankedLock teamsTeams togetherTeam positionsShared explorationLock speedFull tech treeHidden civsTurbo modeCheats
Victory
Defeat
🇨🇳 Portuguese · China
1096
+15
🇺🇸 Huns · United States
1079
-30
mrjcl199
7:40 Loom
9:46 Feudal Age
19:59 Castle Age
45:14 Imperial Age
43:07 Double-Bit Axe
43:04 Horse Collar
43:30 Light Cavalry
44:43 Bow Saw
GL_black duck
7:46 Loom
10:33 Feudal Age
15:37 Castle Age
22:01 Redemption
26:48 Sanctity
33:43 Double-Bit Axe
36:31 Horse Collar
39:38 Wheelbarrow
39:12 Town Watch
39:45 Bow Saw
42:23 Imperial Age
39:27 Pikeman
41:02 Arson
43:19 Hand Cart
42:53 Halberdier
43:36 Scale Mail Armor
Connection lost

Rejoining the realm…

Still unreachable

The connection could not be restored.

Session expired

The server has moved on; the page needs a fresh start.